Map: [ESL] Site Delta

Players

Stephano

  • Race: Zerg Zerg
  • Spawn Location: 11:00

ShoWTimE - Winner!

  • Race: Protoss Protoss
  • League: Master
  • Spawn Location: 5:00

Event: HomeStory Cup XXIV

VOD

Have the link to the VOD?

Description

Time

  • Played on: Dec. 2, 2023, 8:01 a.m.
  • Length: 10:45

All games in this series

Show
View Real Time Build Order
Export as new Build Order

Stephano Zerg 

Build Orders: Hatch First, Roach Hydra 

Get SALT Encoding   

  12  0:00  Drone  
  13  0:11  Overlord  
  13  0:17  Drone  
  14  0:30  Drone  
  15  0:39  Drone  
  16  0:48  Hatchery  
  15  0:51  Drone  
  15  0:54  Drone  
  17  0:58  Drone  
  18  1:09  Extractor  
  17  1:13  Spawning Pool  
  17  1:16  Drone  
  17  1:20  Drone  
  18  1:27  Drone  
  19  1:38  Drone  
  20  1:49  Drone  
  21  2:00  Queen x2  
  21  2:01  Zergling x2, Drone  
  27  2:10  Overlord  
  27  2:12  Drone  
  27  2:13  Metabolic Boost  
  28  2:29  Hatchery  
  27  2:31  Zergling x2  
  27  2:35  Drone  
  27  2:36  Drone  
  30  2:42  Queen  
  32  2:47  Zergling x2  
  32  2:50  Overlord  
  33  2:52  Drone  
  34  3:01  Drone x2  
  34  3:05  Zergling x2  
  36  3:10  Drone x2  
  36  3:11  Zergling x2  
  39  3:15  Drone  
  39  3:16  Drone  
  41  3:25  Drone  
  42  3:30  Spore Crawler, Queen  
  42  3:32  Drone  
  42  3:34  Overlord  
  44  3:40  Overlord  
  44  3:41  Drone x2  
  45  3:49  Drone  
  45  3:50  Drone  
  45  3:53  Drone  
  45  3:54  Drone  
  45  3:55  Drone  
  50  3:56  Zergling x2  
  50  3:57  Zergling x2  
  50  4:00  Drone x2  
  54  4:03  Spore Crawler  
  54  4:04  Drone, Spore Crawler  
  52  4:10  Drone x2  
  52  4:15  Overlord  
  54  4:18  Drone x2  
  54  4:19  Queen  
  58  4:24  Drone x2  
  58  4:27  Overlord  
  60  4:32  Spore Crawler  
  60  4:34  Drone  
  61  4:39  Overlord  
  61  4:43  Drone x6  
  64  4:45  Drone  
  65  4:59  Drone x6  
  69  5:04  Lair  
  66  5:07  Drone x2  
  66  5:11  Drone  
  67  5:20  Drone x3  
  66  5:25  Drone x4  
  66  5:34  Zergling x2  
  65  5:39  Drone x5  
  65  5:42  Extractor  
  65  5:43  Extractor  
  65  5:44  Evolution Chamber  
  65  5:45  Drone, Roach Warren  
  65  5:47  Drone  
  64  5:50  Drone  
  64  5:56  Drone  
  64  5:57  Drone x3  
  67  6:03  Drone x3  
  70  6:07  Drone x2  
  70  6:09  Zergling x2  
  73  6:12  Zerg Missile Weapons Level 1  
  73  6:18  Zergling x2  
  73  6:20  Drone x2  
  73  6:23  Drone x5  
  81  6:25  Hatchery  
  81  6:28  Extractor  
  81  6:30  Extractor  
  78  6:32  Glial Reconstitution, Overlord  
  78  6:37  Overlord x3  
  78  6:40  Roach x5  
  88  6:50  Overlord x3  
  88  6:57  Evolution Chamber  
  87  7:05  Drone x6  
  87  7:06  Overlord  
  93  7:09  Ravager x3  
  93  7:10  Roach  
  93  7:11  Roach x3  
  93  7:14  Hydralisk Den  
  103  7:29  Roach x10  
  123  7:43  Roach  
  123  7:44  Roach x2  
  129  7:45  Drone x4  
  133  7:51  Muscular Augments, Zerg Ground Armor Level 1  
  133  7:53  Overseer  
  133  7:54  Drone x9  
  133  7:56  Extractor  
  133  7:57  Extractor  
  140  8:05  Overlord x2  
  140  8:06  Overlord x2  
  140  8:15  Hydralisk  
  140  8:16  Hydralisk x5  
  152  8:25  Hydralisk x3  
  158  8:34  Extractor, Infestation Pit  
  158  8:38  Hydralisk x2  
  158  8:39  Overlord  
  159  8:50  Hatchery  
  159  8:55  Grooved Spines  
  158  8:57  Hydralisk x7  
  158  8:59  Overlord x3  
  172  9:11  Zergling x22  
  172  9:12  Zergling x2  
  183  9:31  Hydralisk x8  
  198  9:49  Hydralisk x4  
  194  10:04  Roach x9  
  194  10:05  Roach  
  185  10:10  Roach x6  
  180  10:14  Roach x3  
  180  10:19  Roach x2  
Show
View Real Time Build Order
Export as new Build Order

ShoWTimE Protoss - Winner!

Build Orders: 1 Gate Expand, Oracle Opening 

Get SALT Encoding   

  12  0:00  Probe  
  13  0:12  Probe  
  14  0:19  Pylon  
  14  0:24  Probe  
  15  0:37  Probe (Chrono Boost)  
  15  0:40  Gateway  
  16  0:47  Probe (Chrono Boost)  
  16  0:49  Assimilator  
  17  0:52  Probe (Chrono Boost)  
  18  1:04  Probe  
  19  1:16  Probe  
  20  1:26  Nexus  
  20  1:35  Cybernetics Core  
  20  1:38  Probe  
  21  1:43  Assimilator  
  21  1:50  Probe  
  21  1:53  Pylon  
  22  2:02  Probe  
  23  2:09  Adept (Chrono Boost)  
  23  2:14  Probe  
  26  2:21  Stargate  
  26  2:27  Probe (Chrono Boost)  
  26  2:29  Adept (Chrono Boost)  
  27  2:34  Warp Gate  
  29  2:38  Probe (Chrono Boost)  
  31  2:45  Probe (Chrono Boost)  
  31  2:48  Probe (Chrono Boost)  
  33  2:51  Adept  
  33  2:52  Probe (Chrono Boost)  
  33  2:53  Probe (Chrono Boost)  
  36  3:03  Probe  
  36  3:04  Oracle (Chrono Boost)  
  36  3:05  Probe  
  38  3:08  Pylon  
  41  3:15  Probe  
  41  3:17  Probe  
  43  3:26  Gateway  
  43  3:27  Probe  
  43  3:29  Probe  
  45  3:35  Oracle (Chrono Boost)  
  45  3:37  Pylon  
  45  3:39  Probe  
  45  3:41  Probe  
  50  3:54  Nexus  
  50  3:56  Probe x2  
  50  4:00  Assimilator  
  50  4:02  Assimilator  
  51  4:04  Oracle (Chrono Boost)  
  51  4:09  Probe x2  
  56  4:12  Pylon  
  56  4:22  Adept x2  
  56  4:23  Probe  
  61  4:28  Pylon  
  61  4:30  Probe  
  62  4:35  Probe  
  62  4:37  Robotics Facility  
  63  4:42  Probe  
  63  4:44  Adept x2  
  68  4:47  Probe  
  69  4:54  Probe, Forge  
  69  4:59  Probe  
  71  5:06  Probe  
  68  5:09  Sentry x2  
  68  5:10  Probe  
  68  5:12  Probe  
  68  5:13  Gateway  
  70  5:14  Gateway  
  70  5:18  Probe  
  71  5:22  Probe  
  71  5:24  Probe  
  73  5:30  Probe  
  73  5:34  Probe  
  75  5:36  Probe  
  75  5:37  Immortal (Chrono Boost), Protoss Ground Weapons Level 1 (Chrono Boost)  
  75  5:38  Sentry x2  
  75  5:40  Pylon  
  84  5:43  Probe  
  84  5:45  Twilight Council  
  84  5:46  Probe  
  84  5:48  Probe  
  83  5:51  Shield Battery  
  83  5:55  Probe  
  81  5:58  Probe  
  81  6:00  Probe  
  83  6:06  Immortal (Chrono Boost)  
  83  6:07  Assimilator, Probe  
  88  6:11  Pylon  
  88  6:12  Assimilator, Charge (Chrono Boost)  
  88  6:19  Photon Cannon  
  88  6:29  Robotics Bay  
  88  6:32  Gateway x2, Stalker x2  
  92  6:37  Gateway  
  92  6:38  Gateway  
  92  6:44  Gateway  
  92  6:46  Observer (Chrono Boost), Gateway  
  93  6:53  Probe x3  
  96  7:03  Warp Prism (Chrono Boost)  
  96  7:04  Stalker x2  
  96  7:07  Pylon  
  102  7:11  Templar Archives  
  102  7:12  Nexus  
  102  7:15  Pylon  
  102  7:21  Protoss Ground Weapons Level 2 (Chrono Boost)  
  102  7:33  Colossus, Probe x3  
  102  7:36  Zealot x5  
  121  7:41  Photon Cannon  
  121  7:43  Shield Battery  
  121  7:45  Blink  
  121  7:50  Probe x2  
  121  7:51  Assimilator, Probe  
  124  7:55  Assimilator  
  124  7:58  Pylon  
  124  7:59  Pylon x2  
  124  8:02  Probe  
  125  8:06  Photon Cannon, Shield Battery  
  125  8:08  Shield Battery x2  
  125  8:16  Probe  
  125  8:17  Probe  
  127  8:21  High Templar x4  
  127  8:25  Archon x2  
  127  8:27  Colossus (Chrono Boost)  
  135  8:28  Photon Cannon  
  135  8:30  Pylon  
  135  8:31  Probe x2  
  135  8:32  Probe  
  135  8:33  Photon Cannon, Probe  
  145  8:35  Extended Thermal Lance (Chrono Boost)  
  145  8:42  High Templar x2  
  145  8:46  Archon  
  149  8:55  Pylon  
  149  8:58  High Templar x2  
  149  8:59  Zealot x6  
  165  9:02  Archon  
  165  9:03  Gateway  
  165  9:05  Gateway  
  165  9:15  Zealot x2  
  165  9:16  Colossus (Chrono Boost)  
  175  9:20  Pylon  
  175  9:22  Pylon  
  173  9:41  Zealot x8  
  173  9:42  Zealot x2  
  193  9:47  Gateway  
  189  10:00  Immortal (Chrono Boost)  
  189  10:04  Zealot x2  
  189  10:05  Zealot  
  193  10:07  Zealot  
  193  10:16  Zealot x2  
  181  10:29  Zealot  
  181  10:30  Zealot x5  
Tags
 
Add a new tag
Caveats
  • Supply blocks, unpowered buildings, or Contaminate may cause inaccurate times.
  • Supply counts are checked every 10 seconds.